Map: Ulrena

Players

KINGOFBLADES - Winner!

  • Race: Zerg Zerg
  • League: Gold

LilDicky

  • Race: Terran Terran
  • League: Diamond

VOD

http://www.twitch.tv/tumescentpie

Description

Time

  • Played on: Dec. 20, 2015, 4:30 p.m.
  • Length: 5:45
Show
View Real Time Build Order
Export as new Build Order

KINGOFBLADES Zerg - Winner!

Build Orders: Hatch First 

Get SALT Encoding   

  12  0:01  Drone  
  13  0:31  Hatchery  
  13  0:35  Drone  
  13  0:43  Overlord  
  13  0:52  Drone  
  14  1:02  Drone x2  
  16  1:14  Spawning Pool  
  16  1:17  Extractor  
  14  1:26  Drone x2  
  16  1:36  Drone  
  17  1:49  Drone  
  17  1:50  Drone  
  17  1:51  Drone  
  20  1:58  Drone  
  21  2:01  Drone  
  22  2:08  Drone  
  22  2:13  Queen  
  25  2:16  Queen  
  25  2:21  Overlord  
  27  2:30  Metabolic Boost  
  27  2:40  Zergling x2  
  27  2:41  Zergling x8  
  32  2:48  Drone  
  33  2:58  Overlord  
  33  3:00  Drone  
  34  3:19  Lair  
  34  3:26  Drone x3  
  34  3:27  Drone x3  
  40  3:37  Baneling Nest  
  39  3:47  Drone x5  
  44  3:56  Overlord  
  44  4:13  Overlord x2  
  44  4:19  Zergling x8  
  44  4:20  Zergling x6  
  48  5:10  Baneling x3  
  48  5:16  Zergling x10  
  48  5:17  Zergling x4  
Show
View Real Time Build Order
Export as new Build Order

LilDicky Terran 

Build Orders: Liberator Opening 

Get SALT Encoding   

  12  0:02  SCV  
  13  0:14  SCV  
  14  0:23  Supply Depot  
  14  0:26  SCV  
  15  0:38  Refinery  
  15  0:44  SCV  
  15  0:47  Barracks  
  16  0:56  SCV  
  17  1:08  SCV  
  18  1:20  SCV  
  19  1:36  Marine  
  19  1:38  Orbital Command  
  20  1:43  Refinery  
  20  1:44  Supply Depot  
  20  1:51  Factory  
  20  1:54  Marine  
  21  2:07  SCV  
  22  2:12  Marine  
  23  2:18  Supply Depot  
  23  2:19  SCV  
  24  2:31  SCV  
  24  2:33  Marine  
  26  2:38  Starport  
  26  2:43  SCV  
  27  2:44  Armory  
  27  2:47  Factory Tech Lab  
  27  2:51  Marine  
  27  2:56  SCV  
  29  3:08  SCV  
  29  3:10  Marine  
  31  3:18  Medivac  
  33  3:20  SCV, Supply Depot  
  34  3:27  Marine  
  34  3:32  SCV  
  36  3:41  Thor  
  36  3:45  Marine  
  43  3:49  Supply Depot  
  43  3:53  SCV  
  44  3:59  Liberator  
  44  4:13  Supply Depot  
  44  4:14  Marine  
  44  4:17  SCV  
  49  4:26  Supply Depot  
  49  4:31  Marine  
  50  4:41  Command Center  
  50  4:49  Marine  
  43  5:30  SCV  
  50  5:41  Command Center  
Tags
 
Add a new tag
Caveats
  • Supply blocks, unpowered buildings, or Contaminate may cause inaccurate times.
  • Supply counts are checked every 10 seconds.